 Dungeon Crawl Stone Soup version 0.30-a0-702-gdf48620a09 (webtiles) character file.

Game seed: 11426496625458477515

55220 ASSMAN the Marksfrog (level 14, -1/109 HPs)
             Began as a Barachi Hexslinger on Jan 21, 2023.
             Was the Champion of Cheibriados.
             Slain by a two-headed ogre
             ... wielding a +0 giant club
              (9 damage)
             ... on level 2 of the Orcish Mines.
             The game lasted 00:49:15 (20087 turns).

ASSMAN the Marksfrog (Barachi Hexslinger)          Turns: 20087, Time: 00:49:15

Health: -1/109     AC:  5    Str: 28    XL:     14   Next: 76%
Magic:  19/19      EV: 23    Int: 32    God:    Cheibriados [******]
Gold:   1179       SH:  5    Dex: 28    Spells: 10/23 levels left

rFire   . . .      SeeInvis .    H - +5 arbalest (flame)
rCold   . . .      Faith    .    (shield currently unavailable)
rNeg    . . .      Spirit   .    S - +2 robe {Will+}
rPois   +          Reflect  +    s - +0 hat
rElec   .          Harm     .    (no cloak)
rCorr   .          Rampage  .    k - +0 pair of gloves
Will    ++...                    (no boots)
Stlth   ++                       C - amulet of reflection
HPRegen 0.38/turn                b - ring of poison resistance
MPRegen 0.16/turn                R - +4 ring of slaying

@: unable to hop, invisible, very slow
A: amphibious, slowness 1, strong legs 2, +LOS, low MP 1
a: Hop, Renounce Religion, Bend Time, Temporal Distortion, Slouch, Step From
Time


You were on level 2 of the Orcish Mines.
You worshipped Cheibriados.
Cheibriados was exalted by your worship.
You visited 4 branches of the dungeon, and saw 20 of its levels.
You also visited: Sewer.

You collected 1600 gold pieces.
You spent 421 gold pieces at shops.

Inventory:

Hand Weapons
 q - the +10 war axe of Compassion {drain, rC- rN+ Str+3 Int+5}
   (You found it on level 12 of the Dungeon)

   Str:       It affects your strength (+3).
   Int:       It affects your intelligence (+5).
   rC:        It makes you vulnerable to cold.
   rN:        It protects you from negative energy.
 H - a +5 arbalest of flaming (weapon)
 O - the +6 mace of the Hawk {freeze, rPois rF+ rC+}
   (You took it off an orc on level 10 of the Dungeon)

   rF:        It protects you from fire.
   rC:        It protects you from cold.
   rPois:     It protects you from poison.
 Q - a +0 scimitar of flaming
Missiles
 x - 7 throwing nets
Armour
 j - the +1 buckler "Jeliebuv" {rPois rCorr Str-2}
   (You acquired it on level 3 of the Lair of Beasts)

   Str:       It affects your strength (-2).
   rPois:     It protects you from poison.
   rCorr:     It protects you from acid and corrosion.
 k - a +0 pair of gloves (worn)
 s - a +0 hat (worn)
 G - a +1 leather armour of positive energy
 S - a +2 robe of willpower (worn)
 T - +0 fire dragon scales
Jewellery
 b - a ring of poison resistance (left hand)
 d - a +6 ring of intelligence
 v - a ring of protection from fire
 C - an amulet of reflection (around neck)
 L - an amulet of magic regeneration
 N - an amulet of the acrobat
 P - an amulet of regeneration
 R - a +4 ring of slaying (right hand)
 W - a +6 ring of dexterity
 X - a +6 ring of dexterity
Wands
 a - a wand of mindburst (8)
 g - a wand of charming (15)
 y - a wand of flame (43)
 J - a wand of quicksilver (13)
 V - a wand of polymorph (1)
Scrolls
 c - 3 scrolls of poison
 e - 4 scrolls of magic mapping
 m - 7 scrolls of amnesia
 n - 2 scrolls of silence
 o - 3 scrolls of teleportation
 t - 2 scrolls of butterflies
 E - a scroll of enchant weapon
 F - a scroll of fog
 K - 2 scrolls of brand weapon
 U - 2 scrolls of enchant armour
Potions
 f - a potion of cancellation
 h - 4 potions of brilliance
 i - a potion of ambrosia
 l - 2 potions of might
 p - 4 potions of flight
 r - 7 potions of curing
 w - 3 potions of resistance
 D - 3 potions of berserk rage
 Z - a potion of magic


   Skills:
 + Level 9.7 Fighting
 - Level 18.0 Ranged Weapons
 + Level 11.2 Dodging
 - Level 5.3 Spellcasting
 - Level 5.0 Hexes
 - Level 5.0 Summonings
 - Level 5.0 Ice Magic
 + Level 6.1 Invocations
 + Level 7.3 Evocations


You had 10 spell levels left.
You knew the following spells:

 Your Spells              Type           Power      Damage    Failure   Level
a - Slow                  Hex            100%       N/A       1%          1
b - Portal Projectile     Hex/Tloc       48%        N/A       5%          3
c - Ozocubu's Armour      Ice            40%        N/A       1%          3
d - Inner Flame           Hex/Fire       24%        N/A       5%          3
e - Summon Guardian Gole  Hex/Summ       40%        N/A       1%          3

Your spell library contained the following spells:

 Spells                   Type           Power      Damage    Failure   Level
 Summon Small Mammal      Summ           100%       N/A       1%          1
 Call Canine Familiar     Summ           40%        N/A       1%          3
 Confusing Touch          Hex            40%        N/A       1%          3
 Kiss of Death            Conj/Necr      32%        2d7       4%          1
 Dazzling Flash           Conj/Hex       48%        N/A       5%          3
 Hailstorm                Conj/Ice       24%        3d7       5%          3
 Cause Fear               Hex            20%        N/A       6%          4
 Leda's Liquefaction      Hex/Erth       12%        N/A       17%         4
 Ice Form                 Ice/Tmut       24%        N/A       19%         4
 Silence                  Hex/Air        12%        N/A       43%         5
 Dispel Undead            Necr           8%         3d8       45%         4
 Agony                    Necr           8%         N/A       80%         5
 Simulacrum               Ice/Necr       12%        N/A       95%         6
 Ozocubu's Refrigeration  Ice            20%        4d11      99%         7
 Discord                  Hex            20%        N/A       100%        8


Dungeon Overview and Level Annotations

Branches:
Dungeon (12/15)            Temple (1/1) D:4            Lair (5/5) D:11
 Shoals (0/4) Lair:2       Spider (0/4) Lair:2        Slime (0/5) Lair:4
    Orc (2/2) D:10          Sewer (visited)
    Elf: Orc:2

Altars:
Ashenzari
Cheibriados
Dithmenos
Elyvilon
Hepliaklqana
Kikubaaqudgha
Qazlal
Ru
Sif Muna
Uskayaw
Vehumet
Wu Jian
Xom
Yredelemnul
Zin
The Shining One

Shops:
D:2 (   Orc:1 :   Orc:2 [!(?


Innate Abilities, Weirdness & Mutations

You are amphibious.
You cover ground slowly.
You can hop long distances.
You have an extended range of vision and can be seen from far away.
Your magical capacity is low. (-10% MP)


Message History

* * * LOW HITPOINT WARNING * * *
The two-headed ogre closely misses you.
The two-headed ogre hits your butterfly with a +0 dire flail!!
Your butterfly dies!
Your butterfly disappears in a burst of colours!
Something closely misses your butterfly. x2
Something misses your butterfly. Something barely misses your butterfly.
The two-headed ogre hits your butterfly with a +0 dire flail!
Your butterfly dies!
Your butterfly disappears in a burst of colours!
The two-headed ogre hits your butterfly with a +0 dire flail!!
Your butterfly dies!
Your butterfly disappears in a burst of colours!
As you read the scroll of fear, it crumbles to dust.
You assume a fearsome visage.
The two-headed ogre looks frightened! x2
The two-headed ogre hits your butterfly with a +0 giant club!!
Your butterfly dies!
Your butterfly disappears in a burst of colours!
The two-headed ogre completely misses your butterfly.
The two-headed ogre hits your butterfly with a +0 giant spiked club!!
Your butterfly dies!
Your butterfly disappears in a burst of colours!
Your butterfly disappears in a burst of colours!
Your butterfly disappears in a burst of colours!
You block the two-headed ogre's attack. The two-headed ogre misses you.
As you read the scroll of fear, it crumbles to dust.
You assume a fearsome visage.
The two-headed ogre looks frightened!
The two-headed ogre seems to regain its courage.
There is a stone staircase leading up here.
Okay, then.
Unknown command.
You fade into invisibility!
The two-headed ogre hits you with a +0 dire flail!
* * * LOW HITPOINT WARNING * * *
The two-headed ogre hits you with a +0 giant spiked club!!
* * * LOW HITPOINT WARNING * * *
Okay, then.
The two-headed ogre completely misses you.
The two-headed ogre hits you with a +0 giant club!
You die...

#..###.#.## #... ##...# ##.
###..## ###### ## #.....##
.....# ##.....# #.....#
#.....### ##.....##
##.......# .........#.#.
####.....OO####....# ......
##.........@..)#...## ......
##.............))....# ......
#........###....)..### ......
##......###....)...## ...)..
#.......####......<.###.)....
###......###.....)).#........
##.....##...........)......
#..#..............).......#
####.........#..#........##


You could see 2 two-headed ogres.

Vanquished Creatures
  Snorg (D:11)
  2 fire dragons
  Erolcha (D:11)
  Harold (D:11)
  2 hydras
  8 two-headed ogres
  2 ogre magi (Orc:2)
  5 boulder beetles
  A sun demon (D:12)
  Urug (D:11)
  Nergalle (D:11)
  A sixfirhy (D:12)
  A wizard (D:10)
  2 lindwurms (Lair:5)
  A deep elf pyromancer (D:12)
  An orc knight (D:10)
  A cyclops (Orc:2)
  5 manticores
  6 elephants (Lair:1)
  A rust devil (D:12)
  An oklob plant (Lair:4)
  An orc sorcerer (Orc:1)
  2 molten gargoyles (Lair:4)
  11 cane toads
  A gargoyle (D:12)
  A smoke demon (D:12)
  An unseen horror (D:12)
  An orange demon (D:12)
  6 torpor snails
  A kobold demonologist (D:12)
  5 rime drakes
  6 komodo dragons
  2 yaktaurs (D:10)
  An efreet (D:10)
  3 ice devils (D:12)
  A red devil (D:12)
  A troll (D:12)
  4 polar bears
  3 tyrant leeches (Lair:5)
  9 blink frogs
  7 hornets
  2 dream sheep (Lair:4)
  A snapping turtle (Lair:2)
  A culicivora (shapeshifter) (D:10)
  3 wraiths
  4 slime creatures
  A ynoxinul (D:12)
  21 yaks
  2 wyverns
  A neqoxec (D:12)
  3 basilisks
  6 vampire mosquitoes
  A chaos spawn (D:12)
  3 wargs
  3 acid dragons
  7 orc warriors
  4 water moccasins
  4 ice beasts
  A sky beast (D:8)
  2 black bears
  12 ogres
  23 wolves
  3 centaurs
  2 phantoms (D:5)
  4 kobold brigands
  4 scorpions
  4 bullfrogs
  2 gnoll sergeants (D:10)
  6 killer bees (D:9)
  7 electric eels
  4 howler monkeys
  5 lava snakes (Lair:4)
  3 crimson imps (D:9)
  4 hounds
  4 quasits (D:12)
  13 orc priests
  3 jellies
  An iguana (D:6)
  17 orc wizards
  8 hell rats
  9 adders
  14 gnolls
  2 river rats (Sewer)
  2 shadow imps
  4 white imps
  An ufetubus (D:6)
  A worm (D:2)
  A dart slug (D:2)
  58 orcs
  17 ball pythons
  6 endoplasms
  5 giant cockroaches
  5 goblins
  4 hobgoblins
  7 jackals
  6 quokkas
  5 bats
  3 frilled lizards
  29 kobolds
  11 rats
501 creatures vanquished.

Vanquished Creatures (others)
  An orc wizard (D:3)
  5 demonic plants (D:12)
  16 fungi
  75 plants
97 creatures vanquished.

Grand Total: 598 creatures vanquished

Notes
Turn   | Place    | Note
-------+----------+-------------------------------------------
     0 | D:1      | ASSMAN the Barachi Hexslinger began the quest for the Orb.
     0 | D:1      | Reached XP level 1. HP: 15/15 MP: 2/2
   201 | D:1      | Reached XP level 2. HP: 21/21 MP: 3/3
   468 | D:1      | Reached XP level 3. HP: 23/27 MP: 4/4
   958 | D:2      | Found Jycomacu's Weapon Emporium.
  1343 | D:2      | Reached XP level 4. HP: 14/34 MP: 5/5
  2062 | D:3      | Reached skill level 3 in Ranged Weapons
  2062 | D:3      | Reached XP level 5. HP: 6/41 MP: 6/6
  2518 | D:3      | Found an ornate altar of the Wu Jian Council.
  2627 | D:3      | Found a faded altar of an unknown god.
  2627 | D:3      | Found a glowing golden altar of the Shining One.
  2634 | D:3      | Found a faded altar of an unknown god.
  2639 | D:3      | Found a shimmering blue altar of Sif Muna.
  2640 | D:3      | Found a sacrificial altar of Ru.
  2824 | D:3      | Reached XP level 6. HP: 17/47 MP: 5/7
  3538 | D:4      | Reached skill level 5 in Hexes
  3538 | D:4      | Reached XP level 7. HP: 48/54 MP: 8/8
  3557 | D:4      | Found a glowing silver altar of Zin.
  3586 | D:4      | Reached skill level 4 in Ranged Weapons
  3744 | D:4      | Found a hide-covered altar of Uskayaw.
  3811 | D:4      | Found a staircase to the Ecumenical Temple.
  3818 | Temple   | Entered the Ecumenical Temple
  3898 | Temple   | Became a worshipper of Cheibriados the Contemplative
  4037 | D:5      | Entered Level 5 of the Dungeon
  4180 | D:5      | Found a glowing drain.
  4192 | Sewer    | Entered a sewer
  4356 | Sewer    | Reached * piety under Cheibriados
  4593 | D:5      | Reached skill level 5 in Fighting
  4593 | D:5      | Reached skill level 5 in Dodging
  4631 | D:5      | Reached XP level 8. HP: 62/62 MP: 10/12
  4912 | D:5      | Reached skill level 5 in Ranged Weapons
  5009 | D:5      | Learned a level 3 spell: Portal Projectile
  5049 | D:5      | Reached ** piety under Cheibriados
  5225 | D:6      | Noticed a yak
  5395 | D:6      | Killed a yak
  5630 | D:6      | Reached skill level 6 in Ranged Weapons
  5700 | D:6      | Reached XP level 9. HP: 49/68 MP: 14/16
  5791 | D:6      | Reached skill level 5 in Spellcasting
  6119 | D:6      | Noticed a manticore
  6427 | D:6      | Reached *** piety under Cheibriados
  6432 | D:6      | Learned a level 3 spell: Ozocubu's Armour
  6776 | D:7      | Reached skill level 1 in Ice Magic
  7465 | D:8      | Reached skill level 7 in Ranged Weapons
  7614 | D:8      | Found a radiant altar of Vehumet.
  7849 | D:2      | Bought a +4 arbalest of draining for 421 gold pieces
  8061 | D:8      | Noticed a two-headed ogre
  8062 | D:8      | Reached skill level 8 in Ranged Weapons
  8062 | D:8      | Reached XP level 10. HP: 74/74 MP: 17/17
  8093 | D:8      | Killed a two-headed ogre
  8094 | D:8      | Reached skill level 9 in Ranged Weapons
  8253 | D:8      | Reached skill level 10 in Ranged Weapons
  8414 | D:8      | Reached **** piety under Cheibriados
  8723 | D:8      | Learned a level 3 spell: Inner Flame
  8727 | D:8      | Learned a level 3 spell: Summon Guardian Golem
  8843 | D:8      | Noticed a two-headed ogre
  8851 | D:8      | Killed a two-headed ogre
  8989 | D:9      | Reached skill level 11 in Ranged Weapons
  9130 | D:9      | Found a broken altar of Ashenzari.
  9154 | D:9      | Noticed a boulder beetle
  9161 | D:9      | Killed a boulder beetle
  9162 | D:9      | Reached skill level 12 in Ranged Weapons
  9162 | D:9      | Reached XP level 11. HP: 62/79 MP: 18/18
  9424 | D:9      | Found a shimmering altar of Xom.
  9805 | D:10     | Entered Level 10 of the Dungeon
  9872 | D:10     | Reached ***** piety under Cheibriados
 10083 | D:10     | Noticed a fire dragon
 10091 | D:10     | Killed a fire dragon
 10092 | D:10     | Reached skill level 13 in Ranged Weapons
 10409 | D:10     | Identified the +6 mace of the Hawk {freeze, rPois rF+ rC+}
 10449 | D:10     | Noticed a manticore
 10522 | D:10     | Noticed a boulder beetle
 10753 | D:10     | Killed a boulder beetle
 10802 | D:10     | Found a staircase to the Orcish Mines.
 10959 | D:10     | Noticed a boulder beetle
 10982 | D:10     | Noticed a fire crab
 10983 | D:10     | Killed a boulder beetle
 10984 | D:10     | Reached skill level 14 in Ranged Weapons
 11178 | D:10     | Noticed a boulder beetle
 11191 | D:10     | Killed a boulder beetle
 11248 | D:10     | Found a shadowy altar of Dithmenos.
 11339 | D:10     | Noticed a wizard
 11345 | D:10     | Killed a wizard
 11346 | D:10     | Reached skill level 15 in Ranged Weapons
 11425 | D:11     | Noticed Snorg
 11433 | D:11     | Killed Snorg
 11434 | D:11     | Reached XP level 12. HP: 73/86 MP: 19/19
 11677 | D:11     | Noticed Erolcha
 11686 | D:11     | Killed Erolcha
 11937 | D:11     | Found a staircase to the Lair.
 11988 | D:11     | Noticed Nergalle
 11988 | D:11     | Noticed Urug
 12098 | D:11     | Noticed Harold
 12106 | D:11     | Reached skill level 16 in Ranged Weapons
 12106 | D:11     | Killed Harold
 12107 | D:11     | Killed Nergalle
 12240 | D:11     | Killed Urug
 12822 | Lair:1   | Entered Level 1 of the Lair of Beasts
 12952 | Lair:1   | You fall into a shaft and drop 1 floor!
 13049 | Lair:1   | Reached skill level 17 in Ranged Weapons
 13066 | Lair:1   | Reached ****** piety under Cheibriados
 13756 | Lair:2   | Found a staircase to the Shoals.
 13761 | Lair:2   | Gained mutation: You can hop long distances. [Barachi
                  | growth]
 13761 | Lair:2   | Reached XP level 13. HP: 91/91 MP: 20/20
 13803 | Lair:2   | Reached skill level 18 in Ranged Weapons
 13845 | Lair:2   | Found a hole to the Spider Nest.
 14006 | Lair:2   | Reached skill level 1 in Summonings
 14011 | Lair:2   | Reached skill level 1 in Evocations
 14015 | Lair:2   | Reached skill level 1 in Invocations
 14334 | Lair:3   | Reached skill level 5 in Ice Magic
 14509 | Lair:3   | Found a stormy altar of Qazlal.
 14940 | Lair:3   | Identified the +10 dire flail of the Howling Augurer
                  | {flame, +Blink}
 15075 | Lair:3   | Identified a scroll of acquirement
 15076 | Lair:3   | Acquired the +1 buckler "Jeliebuv" {rPois rCorr Str-2}
 15530 | Lair:4   | Found a staircase to the Slime Pits.
 16375 | Lair:5   | Entered Level 5 of the Lair of Beasts
 16412 | Lair:5   | Found a runed translucent door.
 16413 | Lair:5   | Noticed a fire dragon
 17094 | Lair:5   | Reached skill level 5 in Summonings
 17312 | Lair:5   | Reached skill level 5 in Evocations
 17334 | Lair:5   | Reached XP level 14. HP: 104/104 MP: 21/21
 17363 | Lair:5   | Reached skill level 10 in Dodging
 18306 | D:12     | Identified the +10 war axe of Compassion {drain, rC- rN+
                  | Str+3 Int+5}
 18374 | D:12     | Gained mutation: Your magical capacity is low. (-10% MP) [a
                  | neqoxec]
 18758 | D:12     | Reached skill level 5 in Invocations
 19488 | Orc:1    | Entered Level 1 of the Orcish Mines
 19488 | Orc:1    | Found Puraq's Self-Improvement Boutique.
 19903 | Orc:2    | Entered Level 2 of the Orcish Mines
 20048 | Orc:2    | Found Mammyob's Antique Weapon Emporium.
 20048 | Orc:2    | Found Pieg's Armour Boutique.
 20048 | Orc:2    | Found Momacom's Magic Scroll Shop.
 20048 | Orc:2    | Found Goggeir's Distillery.
 20087 | Orc:2    | Slain by a two-headed ogre

Illustrated notes

Levels and vault maps discovered:
D:1:      dpeg_arrival_chambers_temple_mockup, layout_basic
D:2:      kennysheep_big_flooded_room, layout_loops_ring, serial_shops,
          nicolae_shop_bloodbath_and_beyond
D:3:      layout_rooms, nzn_wu_jian_contemplation,
          chequers_temple_overflow_minitemple, small_statue_intersection,
          hangedman_decor_slide_cut, hangedman_abyss_or_decor_lesser_grid,
          minmay_snake_closets
D:4:      layout_basic, nicolae_uskayaw_suspiria, zin_academy, temple_green
D:5:      kennysheep_kobold_camp, layout_loops_ring, portal_sewer_entry_d
D:6:      minmay_cornered_nines, layout_basic, minmay_misc_feat_square
D:7:      layout_basic
D:8:      layout_rooms, lemuel_doored_altar,
          hangedman_abyss_or_decor_jellyfish_corner, grunt_decor_fettered,
          roderic_lattice_a, serial_bayou_lake_a
D:9:      layout_loops_corners, mainiacjoe_overflow_chevrons, led_xom_imps
D:10:     layout_gridville, mainiacjoe_overflow_24_doors, hiddenorc1_lemuel,
          minivault_28
D:11:     layout_basic, lair_entry_dummy, kennysheep_small_spiral,
          hangedman_abyss_or_decor_slice, serial_bayou_pond_e, uniq_harold,
          uniq_urug, uniq_erolcha, uniq_snorg, uniq_nergalle
D:12:     layout_roguey, serial_demonic, serial_demonic_e, serial_demonic_f,
          serial_demonic_e, serial_demonic_g, serial_demonic_e,
          serial_demonic_c, serial_demonic_b, serial_demonic_f,
          serial_demonic_g, serial_demonic_f
Temple:   chequers_temple_sunken
Lair:1:   layout_gridlike, bh_autumn_forest_stairs, st_stairs_8,
          serial_bayou_shore_b, serial_bayou_shore_a
Lair:2:   layout_chaotic_city, minmay_shoals_entry_hut, dummy_spider_entry
Lair:3:   layout_hall_layers, basic_altar, lemuel_fruit_tree
Lair:4:   cheibrodos_magma_flow, layout_loops_ring, slime_entry_1
Lair:5:   wormcave, layout_cellular_growth
Orc:1:    layout_diamond_mine, nicolae_shop_self_help
Orc:2:    st_orc_ogre_mass, layout_diamond_mine

Skill      XL: |  1  2  3  4  5  6  7  8  9 10 11 12 13 14 |
---------------+-------------------------------------------+-----
Fighting       | 2 3 4 5 7 9 |  9.7
Dodging        | 3 4 5 6 8 9 11 | 11.2
Hexes          | 4 5 |  5.0
Ranged Weapons | 3 4 6 8 12 15 17 18 | 18.0
Spellcasting   | 2 4 5 |  5.3
Ice Magic      | 4 5 |  5.0
Summonings     | 5 |  5.0
Evocations     | 5 7 |  7.3
Invocations    | 4 6 |  6.1

Action                   |  1- 3 |  4- 6 |  7- 9 | 10-12 | 13-15 || total
-------------------------+-------+-------+-------+-------+-------++-------
Melee: Hand axe          |    13 |   106 |     2 |       |       ||   121
       Punch             |       |     1 |       |       |       ||     1
 Fire: Sling             |   111 |    65 |       |       |       ||   176
       Shortbow          |       |    39 |   227 |       |       ||   266
       Arbalest          |       |       |    14 |   385 |   519 ||   918
 Cast: Slow              |     2 |     1 |     2 |       |       ||     5
 Abil: Hop               |     2 |     4 |     6 |     5 |     8 ||    25
Evoke: Wand              |       |       |     3 |       |       ||     3
  Use: Scroll            |       |     3 |    10 |     5 |    26 ||    44
       Potion            |       |     4 |     2 |       |     2 ||     8
 Stab: Sleeping          |       |     3 |       |       |       ||     3
Armor: Robe              |    29 |    27 |    19 |    13 |    19 ||   107
Dodge: Dodged            |    67 |   105 |   105 |   120 |   170 ||   567
Block: Other             |       |       |     4 |    34 |    39 ||    77
       Reflection        |       |       |       |     2 |     1 ||     3

Table legend: (Time is in decaauts)
 A = Elapsed time spent in this place.
 B = Non-inter-level travel time spent in this place.
 C = Inter-level travel time spent in this place.
 D = Time resting spent in this place.
 E = Time spent auto-exploring this place.
 F = Levels seen in this place.
 G = Mean time per level.
                   A        B        C        D        E       F      G
               +--------+--------+--------+--------+--------+-----+--------+
         Total |  33009 |  30784 |   2225 |   2880 |  24272 |  21 | 1571.9 |
       Dungeon |  20857 |  19367 |   1490 |   2210 |  14645 |  12 | 1738.1 |
        Temple |    104 |     96 |      8 |      0 |     76 |   1 |  104.0 |
          Lair |  10974 |  10272 |    702 |    537 |   8946 |   5 | 2194.8 |
  Orcish Mines |    751 |    727 |     24 |      0 |    503 |   2 |  375.5 |
         Sewer |    320 |    320 |      0 |    133 |    100 |   1 |  320.0 |
               +--------+--------+--------+--------+--------+-----+--------+

Top non-repeatable levels by time:
  Lair:5: 2827 daAuts
    D:10: 2670 daAuts
    D:11: 2602 daAuts
  Lair:4: 2522 daAuts
  Lair:3: 2124 daAuts
     D:7: 2123 daAuts
  Lair:1: 1962 daAuts
     D:5: 1852 daAuts
    D:12: 1811 daAuts
     D:9: 1751 daAuts
     D:8: 1735 daAuts
  Lair:2: 1537 daAuts
     D:6: 1510 daAuts
     D:2: 1495 daAuts
     D:4: 1267 daAuts
